 Dungeon Crawl Stone Soup version 0.16-a0-2093-g8c923f7 (webtiles) character file.

11345 PolkaDot the Grappler (level 11, -3/150 HPs)
             Began as a Mottled Draconian Berserker on Nov 12, 2014.
             Was a High Priest of Trog.
             Slain by zkyp's ghost (17 damage)
             ... on level 1 of the Lair of Beasts.
             The game lasted 00:45:58 (13302 turns).

PolkaDot the Grappler (DrBe)                       Turns: 13302, Time: 00:45:58

Health: -3/150     AC: 25    Str: 25    XL:     11   Next: 48%
Magic:  18/18      EV:  2    Int:  5    God:    Trog [*****.]
Gold:   502        SH:  0    Dex: 18    Spells: 0 memorised, 10 levels left

rFire  . . .     SeeInvis .       - Unarmed
rCold  . . .     Clarity  .     (armour unavailable)
rNeg   + + +     SustAb   .     (no shield)
rPois  +         Gourm    .     H - melded +1 hat
rElec  .         Spirit   .     s - melded +2 cloak
rCorr  .         Warding  +     (gloves currently unavailable)
rMut   .         NoTele   +     J - melded +2 pair of boots
MR     .....                    z - amulet of warding
Stlth  ++........               h - +4 ring of strength
                                t - +5 ring of dexterity

@: exhausted, tree-form (expiring), slowed, very slow, not resistant to hostile
enchantments, unstealthy
A: (breathe sticky flames), unfitting armour, dopey 1, (cold-blooded), AC +7
a: Burn Spellbooks, Berserk, Trog's Hand, Brothers in Arms, Renounce Religion


You were on level 1 of the Lair of Beasts.
You worshipped Trog.
Trog was extremely pleased with you.
You were very hungry.
You were a tree.
You visited 2 branches of the dungeon, and saw 13 of its levels.

You collected 646 gold pieces.
You spent 144 gold pieces at shops.

Inventory:

Missiles
 D - 7 poisoned tomahawks (quivered)
 I - 8 tomahawks of returning
 N - a throwing net
Armour
 s - a +2 cloak (melded)
 H - a +1 hat (melded)
 J - a +2 pair of boots (melded)
Jewellery
 d - an uncursed ring of teleportation
 f - an uncursed ring of see invisible
 h - a +4 ring of strength (right branch)
 t - a +5 ring of dexterity (left branch)
 z - an amulet of warding (around neck)
Magical devices
 b - a wand of magic darts (15)
 w - a wand of fireball (4)
 x - a wand of flame (31)
 y - a wand of random effects (26)
 G - a wand of flame (17)
 K - a wand of draining (1)
 L - a wand of random effects (18)
Scrolls
 j - a scroll of fog
 l - 2 scrolls of magic mapping
 m - 3 scrolls of recharging
 n - 4 scrolls of remove curse
 o - a scroll of immolation {unknown}
 r - a scroll of holy word {unknown}
 E - a scroll of brand weapon {unknown}
Potions
 e - 3 potions of restore abilities
 i - a potion of magic
 k - a potion of cancellation
 p - a potion of curing
 q - 2 potions of brilliance
 F - 2 potions of flight
Books
 B - a book of Spatial Translocations

   Spells                             Type                      Level
   Apportation                        Translocation                1
   Blink                              Translocation                2
   Shroud of Golubria                 Charms/Translocation         2
   Portal Projectile                  Translocation                3
   Teleport Other                     Translocation                3
   Passage of Golubria                Translocation                4
   Trog disapproves of the use of such an item.
Comestibles
 a - 7 bread rations
 c - 3 chunks of flesh
 g - 3 beef jerkies
 u - a royal jelly
 A - 4 meat rations
 M - a slice of pizza


   Skills:
 + Level 10.3 Fighting
 - Level 2.9 Throwing
 + Level 8.4 Dodging
 * Level 12.4 Unarmed Combat
 - Level 4.7 Evocations


You had 10 spell levels left.
You didn't know any spells.

Dungeon Overview and Level Annotations

Branches:
Dungeon (12/15)            Temple (0/1) D:7            Lair (1/8) D:11
    Orc (0/4) D:11

Altars:
Ashenzari
Elyvilon
Fedhas
Kikubaaqudgha
Makhleb
Nemelex Xobeh
Qazlal
Trog
Vehumet
Xom
Yredelemnul
Zin

Shops:
D:4 =   D:5 [   D:6 *   D:8 =   D:10 :

Annotations:
Lair:1 zkyp's ghost, powerful HuWn


Innate Abilities, Weirdness & Mutations

((You can spit globs of burning liquid.))
((You can ignite nearby creatures when you spit burning liquid.))
((Your weird mottled scales are hard (AC +7).))
Your body does not fit into most forms of armour.
((Your cold-blooded metabolism reacts poorly to cold.))
You are dopey. (Int -2)


Message History

Zkyp's ghost hits you but does no damage.
You are electrocuted!
* * * LOW HITPOINT WARNING * * *
Zkyp's ghost hits you but does no damage.
Drink which item? (? for menu, Esc to quit)
You feel better.
Your transformation is almost over.
You are feeling very hungry.
Zkyp's ghost completely misses you.
Drink which item? (? for menu, Esc to quit)
You feel better. Zkyp's ghost hits you.
* * * LOW HITPOINT WARNING * * *
You are electrocuted!
* * * LOW HITPOINT WARNING * * *
Zkyp's ghost barely misses you.
Drink which item? (? for menu, Esc to quit)
You feel better.
Zkyp's ghost hits you but does no damage.
You are electrocuted!
You die...

....#......#....
....+...........
.................
....#..<...#.....
.................#
....#......P....#
.....#.##.#+#....#.
....................
...........♣W.......
...................
..................
.....#...####....#
..#...... ....#
.#...... ...
........ . .......
...


You could see zkyp's ghost.

Vanquished Creatures
  Fannar (D:11)
  Nergalle (D:11)
  A manticore (D:11)
  Psyche (D:8)
  A merfolk (D:11)
  A hydra zombie (D:11)
  4 trolls
  A freezing wraith (D:10)
  8 yaks
  A wyvern (D:10)
  A deep elf mage (D:9)
  A hill giant skeleton (D:11)
  3 hungry ghosts
  2 hippogriffs
  7 orc warriors
  A water moccasin (D:10)
  2 black bears
  7 ice beasts
  A sky beast (D:10)
  A yellow wasp (D:9)
  A crocodile (D:11)
  3 phantoms
  5 centaurs
  Duvessa (D:4)
  An ogre (D:10)
  A big kobold (D:8)
  4 giant frogs
  Blork the orc (D:9)
  A komodo dragon zombie (D:10)
  A scorpion (D:9)
  5 killer bees (D:11)
  7 hounds
  14 wights
  Dowan (D:4)
  4 crimson imps
  13 orc wizards
  3 quasits
  Crazy Yiuf (D:4)
  5 orc priests
  2 iguanas
  A kobold skeleton (D:11)
  A giant frog skeleton (D:9)
  13 worker ants
  Ijyb (D:3)
  Terence (D:2)
  16 adders
  4 shadow imps
  2 giant mites
  7 worms
  An ooze (D:2)
  67 orcs
  4 giant cockroaches
  13 hobgoblins
  9 jackals
  17 bats
  7 giant geckos
  6 giant newts
  A giant spore (D:8)
  4 goblins
  17 kobolds
  7 quokkas
  16 rats
  A ballistomycete (D:8)
  A bush (D:2)
  A plant (D:2)
338 creatures vanquished.

Vanquished Creatures (others)
  5 fungi (D:11)
  A plant (D:11)
6 creatures vanquished.

Grand Total: 344 creatures vanquished

Notes
Turn   | Place    | Note
--------------------------------------------------------------
     0 | D:1      | PolkaDot, the Draconian Berserker, began the quest for the Orb.
     0 | D:1      | Reached XP level 1. HP: 19/19 MP: 1/1
   420 | D:1      | Reached XP level 2. HP: 25/27 MP: 2/2
   692 | D:2      | Noticed Terence
   699 | D:2      | Killed Terence
   788 | D:2      | Reached XP level 3. HP: 9/33 MP: 3/3
   790 | D:2      | Found a bloodstained altar of Trog.
   790 | D:2      | Found a blossoming altar of Fedhas.
   956 | D:2      | Reached skill level 4 in Fighting
  1005 | D:2      | Found a white marble altar of Elyvilon.
  1407 | D:2      | Reached XP level 4. HP: 32/40 MP: 4/4
  2113 | D:3      | Acquired Trog's second power
  2183 | D:3      | Noticed Ijyb
  2224 | D:3      | Killed Ijyb
  2224 | D:3      | Reached XP level 5. HP: 35/46 MP: 5/5
  3291 | D:4      | Reached skill level 5 in Unarmed Combat
  3515 | D:4      | Noticed Crazy Yiuf
  3521 | D:4      | Killed Crazy Yiuf
  3521 | D:4      | Reached XP level 6. HP: 55/55 MP: 6/6
  3628 | D:4      | Found Plog's Jewellery Shop.
  3640 | D:4      | Noticed an orc warrior
  3654 | D:4      | Killed an orc warrior
  3654 | D:4      | Reached skill level 5 in Fighting
  4181 | D:4      | Found a burning altar of Makhleb.
  4764 | D:4      | Noticed Dowan
  4765 | D:4      | Noticed Duvessa
  4774 | D:4      | Killed Duvessa
  4774 | D:4      | Reached skill level 6 in Unarmed Combat
  4774 | D:4      | Your scales start taking on a weird mottled pattern.
  4774 | D:4      | Reached XP level 7. HP: 61/61 MP: 7/7
  4777 | D:4      | Killed Dowan
  5092 | D:5      | Entered Level 5 of the Dungeon
  5188 | D:5      | Found Umaunk's Antique Armour Shop.
  5455 | D:5      | Reached skill level 7 in Unarmed Combat
  5728 | D:6      | Found Zin's Purification Station.
  5739 | D:6      | Found a glowing silver altar of Zin.
  5897 | D:6      | Reached XP level 8. HP: 70/70 MP: 8/8
  5900 | D:6      | Acquired Trog's third power
  5954 | D:6      | Reached skill level 5 in Dodging
  6059 | D:5      | Bought a pair of embroidered boots for 144 gold pieces
  6533 | D:7      | Reached skill level 1 in Evocations
  6534 | D:7      | Reached skill level 8 in Unarmed Combat
  6757 | D:7      | Found a staircase to the Ecumenical Temple.
  6950 | D:7      | Reached XP level 9. HP: 79/79 MP: 13/13
  7159 | D:7      | Reached skill level 9 in Unarmed Combat
  7586 | D:8      | Noticed Psyche
  7638 | D:8      | Killed Psyche
  7890 | D:8      | Found an ancient bone altar of Kikubaaqudgha.
  7906 | D:8      | Found Wicaxune's Jewellery Boutique.
  8116 | D:8      | HP: 2/81 [yak (13)]
  8126 | D:8      | HP: 1/81 [yak (12)]
  8540 | D:8      | Reached skill level 10 in Unarmed Combat
  9021 | D:8      | Reached XP level 10. HP: 80/90 MP: 17/17
  9182 | D:8      | Received a gift from Trog
  9665 | D:9      | Reached skill level 1 in Throwing
 10060 | D:9      | Noticed Blork the orc
 10070 | D:9      | Killed Blork the orc
 10254 | D:9      | Found a stormy altar of Qazlal.
 10257 | D:9      | Found a shattered altar of Ashenzari.
 10257 | D:9      | Found a radiant altar of Vehumet.
 10258 | D:9      | Found a sparkling altar of Nemelex Xobeh.
 10259 | D:9      | Found a basalt altar of Yredelemnul.
 10260 | D:9      | Found a shimmering altar of Xom.
 10681 | D:9      | Reached skill level 11 in Unarmed Combat
 10817 | D:10     | Entered Level 10 of the Dungeon
 10817 | D:10     | Found Yraes' Book Shoppe.
 11262 | D:10     | Gained mutation: You are dopey. (Int -2) [mutagenic meat]
 12019 | D:11     | Found a staircase to the Lair.
 12045 | D:11     | Noticed Fannar
 12058 | D:11     | Reached XP level 11. HP: 97/97 MP: 18/18
 12114 | D:11     | Killed Fannar
 12471 | D:11     | Received a gift from Trog
 12582 | D:11     | Found a staircase to the Orcish Mines.
 12630 | D:11     | Noticed Nergalle
 12642 | D:11     | Killed Nergalle
 12642 | D:11     | Reached skill level 10 in Fighting
 12642 | D:11     | Reached skill level 12 in Unarmed Combat
 12980 | D:11     | Received a gift from Trog
 13215 | D:12     | Noticed a tengu warrior
 13246 | Lair:1   | Entered Level 1 of the Lair of Beasts
 13251 | Lair:1   | Noticed zkyp's ghost (powerful HuWn)
 13296 | Lair:1   | HP: 5/150 [zkyp's ghost (18)]
 13301 | Lair:1   | HP: 7/150 [zkyp's ghost (15)]
 13302 | Lair:1   | Slain by zkyp's ghost

Action                   |  1- 3 |  4- 6 |  7- 9 | 10-12 || total
-------------------------+-------+-------+-------+-------++-------
Melee: Unarmed           |   121 |   365 |   430 |   499 ||  1415
Invok: Berserk           |     4 |     4 |     9 |    12 ||    29
       Trog's Hand       |       |       |     4 |    10 ||    14
 Abil: Breathe Sticky Fl |       |       |     2 |       ||     2
  Use: Scroll            |     5 |     2 |     1 |    17 ||    25
       Potion            |       |       |     2 |    17 ||    19
 Stab: Sleeping          |       |     1 |       |       ||     1
       Distracted        |       |       |     1 |       ||     1
  Eat: Chunk             |     6 |    14 |    23 |    15 ||    58
       Meat ration       |       |       |     1 |     1 ||     2
       Bread ration      |       |       |       |     2 ||     2
